Map: Abyssal Reef LE

Players

HellraiseR

  • Race: Protoss Protoss
  • League: Master
  • Spawn Location: 5:00

Arctur - Winner!

  • Race: Terran Terran
  • League: Master
  • Spawn Location: 11:00

VOD

Have the link to the VOD?

Description

Time

  • Played on: Dec. 30, 2017, 8:11 a.m.
  • Length: 20:58
Show
View Real Time Build Order
Export as new Build Order

HellraiseR Protoss 

Build Orders: 1 Gate Expand, Colossus Rush 

Get SALT Encoding   

  12  0:00  Probe  
  13  0:12  Probe  
  14  0:17  Pylon  
  14  0:25  Probe (Chrono Boost)  
  15  0:37  Probe (Chrono Boost)  
  15  0:38  Gateway  
  16  0:43  Probe (Chrono Boost)  
  16  0:48  Assimilator  
  17  0:51  Probe  
  18  1:03  Probe  
  19  1:21  Nexus  
  19  1:24  Probe (Chrono Boost)  
  21  1:34  Probe (Chrono Boost)  
  21  1:37  Cybernetics Core  
  20  1:42  Assimilator  
  20  1:45  Probe  
  21  1:52  Pylon  
  21  1:57  Probe  
  22  2:09  Probe  
  22  2:10  Stalker (Chrono Boost)  
  22  2:14  Warp Gate  
  25  2:21  Probe  
  26  2:28  Robotics Facility  
  26  2:33  Probe (Chrono Boost)  
  28  2:39  Probe (Chrono Boost)  
  28  2:43  Probe (Chrono Boost)  
  29  2:47  Stalker, Probe (Chrono Boost)  
  29  2:48  Probe  
  34  2:59  Probe (Chrono Boost)  
  34  3:01  Shield Battery, Probe (Chrono Boost)  
  37  3:13  Probe (Chrono Boost)  
  37  3:15  Observer, Probe (Chrono Boost)  
  37  3:17  Stalker  
  37  3:18  Probe (Chrono Boost)  
  41  3:22  Probe  
  41  3:24  Gateway  
  42  3:30  Gateway  
  42  3:33  Probe  
  43  3:34  Probe  
  43  3:37  Pylon  
  43  3:39  Observer  
  45  3:42  Assimilator  
  45  3:47  Shield Battery  
  45  3:48  Probe (Chrono Boost)  
  46  3:55  Probe (Chrono Boost)  
  46  3:56  Robotics Bay  
  48  4:05  Assimilator, Probe (Chrono Boost)  
  48  4:06  Probe (Chrono Boost)  
  48  4:08  Observer  
  52  4:19  Pylon  
  52  4:20  Stalker x2  
  52  4:22  Pylon  
  54  4:37  Probe x2  
  56  4:43  Colossus (Chrono Boost)  
  56  4:49  Probe  
  56  4:50  Probe  
  66  5:07  Forge, Extended Thermal Lance  
  66  5:08  Forge  
  66  5:10  Pylon  
  64  5:17  Pylon  
  64  5:19  Colossus (Chrono Boost)  
  64  5:27  Pylon  
  72  5:28  Probe x2  
  72  5:31  Zealot x2, Sentry  
  78  5:40  Probe x2  
  78  5:41  Protoss Ground Armor Level 1 (Chrono Boost)  
  80  5:48  Protoss Ground Weapons Level 1 (Chrono Boost)  
  79  5:52  Probe  
  79  5:53  Twilight Council  
  79  5:56  Zealot x2  
  84  5:58  Stalker  
  86  6:05  Observer (Chrono Boost)  
  86  6:08  Probe  
  88  6:14  Nexus  
  88  6:22  Colossus (Chrono Boost)  
  88  6:26  Pylon  
  94  6:35  Pylon  
  94  6:37  Pylon  
  94  6:42  Pylon  
  94  6:47  Charge  
  94  6:55  Probe x2  
  94  6:56  Zealot x3  
  102  7:04  Pylon  
  102  7:07  Probe x2  
  98  7:23  Probe  
  98  7:24  Probe  
  98  7:26  Stalker x3  
  98  7:27  Probe  
  107  7:32  Protoss Ground Armor Level 2 (Chrono Boost)  
  107  7:35  Probe  
  104  7:37  Probe  
  104  7:42  Probe  
  104  7:47  Probe  
  104  7:50  Probe, Protoss Ground Weapons Level 2 (Chrono Boost)  
  103  7:58  Probe  
  100  8:00  Stalker x3  
  100  8:03  Probe  
  107  8:07  Probe  
  107  8:10  Gateway  
  107  8:12  Gateway  
  107  8:14  Gateway  
  107  8:16  Probe  
  107  8:17  Probe  
  107  8:19  Probe  
  109  8:25  Zealot x2  
  109  8:31  Probe  
  104  8:38  Probe x2 (Chrono Boost)  
  101  8:43  Probe (Chrono Boost)  
  101  8:45  Colossus  
  108  8:52  Probe (Chrono Boost)  
  108  8:53  Probe x2 (Chrono Boost)  
  109  9:03  Pylon x2, Blink  
  109  9:08  Photon Cannon  
  109  9:20  Pylon  
  109  9:21  Nexus, Probe x3  
  109  9:23  Pylon  
  111  9:28  Zealot x4  
  111  9:29  Zealot  
  117  9:37  Probe  
  103  9:39  Probe x2  
  90  9:48  Zealot x2  
  90  9:50  Stalker, Probe (Chrono Boost)  
  90  9:51  Probe (Chrono Boost)  
  96  9:55  Probe (Chrono Boost)  
  96  10:01  Sentry x2  
  96  10:04  Probe (Chrono Boost)  
  101  10:07  Probe (Chrono Boost)  
  101  10:09  Protoss Ground Weapons Level 3 (Chrono Boost), Probe x2 (Chrono Boost)  
  101  10:10  Protoss Ground Armor Level 3 (Chrono Boost)  
  104  10:16  Probe  
  104  10:21  Probe  
  106  10:26  Zealot x4  
  114  10:30  Stalker  
  114  10:31  Stalker  
  114  10:33  Probe  
  114  10:34  Probe  
  120  10:41  Pylon  
  120  10:47  Pylon  
  120  10:49  Stalker x2  
  123  10:50  Stalker  
  121  10:59  Probe x2  
  121  11:01  Probe (Chrono Boost)  
  121  11:03  Probe (Chrono Boost)  
  119  11:11  Probe (Chrono Boost)  
  119  11:17  Probe (Chrono Boost)  
  123  11:19  Probe (Chrono Boost)  
  123  11:20  Probe (Chrono Boost)  
  123  11:21  Stalker x4, Probe (Chrono Boost)  
  123  11:25  Probe (Chrono Boost)  
  133  11:26  Probe (Chrono Boost)  
  133  11:28  Zealot x2  
  138  11:35  Gateway x2  
  138  11:41  Warp Prism (Chrono Boost)  
  138  11:45  Observer  
  138  11:46  Stalker x3  
  146  11:48  Stalker  
  146  11:53  Stalker  
  146  11:54  Stalker  
  152  12:13  Stalker x4  
  157  12:20  Zealot x2  
  143  12:26  Colossus  
  143  12:27  Protoss Shields Level 1 (Chrono Boost)  
  145  12:37  Zealot x6  
  145  12:43  Probe  
  145  12:44  Probe x2  
  144  12:58  Zealot x4  
  144  12:59  Zealot x4  
  144  13:00  Probe  
  127  13:14  Probe x3  
  127  13:17  Colossus  
  120  13:29  Stalker x6  
  112  13:54  Nexus  
  112  14:03  Colossus  
  118  14:17  Stalker x7  
  118  14:24  Zealot  
  134  14:41  Nexus, Pylon  
  130  14:55  Zealot x6  
  130  14:57  Sentry  
  144  15:04  Zealot  
  116  15:25  Zealot x8  
  126  15:48  Zealot x3  
  126  15:49  Zealot x5  
  142  15:58  Warp Prism (Chrono Boost)  
  130  16:04  Assimilator  
  122  16:11  Stalker x3  
  122  16:12  Stalker x5  
  122  16:17  Protoss Shields Level 2 (Chrono Boost)  
  136  16:48  Zealot x7  
  136  16:49  Zealot  
  132  17:10  Stalker x7  
  128  17:33  Zealot x6  
  128  17:34  Zealot x2  
  128  17:36  Assimilator, Probe x2 (Chrono Boost)  
  144  17:38  Probe (Chrono Boost)  
  144  17:39  Assimilator  
  142  17:44  Probe (Chrono Boost)  
  142  17:55  Zealot x8  
  158  18:01  Nexus  
  158  18:02  Colossus (Chrono Boost)  
  140  18:15  Zealot x7  
  140  18:16  Zealot  
  96  18:43  Stalker x8  
  96  18:47  Colossus (Chrono Boost)  
  92  19:06  Probe x3 (Chrono Boost)  
  97  19:10  Zealot x7  
  97  19:11  Zealot, Probe (Chrono Boost)  
  97  19:12  Probe (Chrono Boost)  
  97  19:15  Probe x2 (Chrono Boost)  
  115  19:17  Probe (Chrono Boost)  
  115  19:19  Probe x2 (Chrono Boost)  
  115  19:20  Probe x2 (Chrono Boost)  
  120  19:31  Stalker x2  
  120  19:32  Stalker x5  
  120  19:36  Stalker  
  136  19:58  Zealot x3  
  136  19:59  Zealot x5  
  139  20:08  Probe  
  139  20:24  Stalker x6  
  139  20:26  Stalker  
  139  20:27  Zealot  
  151  20:30  Assimilator  
  151  20:33  Assimilator  
Show
View Real Time Build Order
Export as new Build Order

Arctur Terran - Winner!

Build Orders: MMM Bio 

Get SALT Encoding   

  12  0:00  SCV  
  13  0:12  SCV  
  14  0:17  Supply Depot  
  14  0:24  SCV  
  15  0:38  SCV  
  15  0:40  Barracks  
  16  0:44  Refinery  
  16  0:51  SCV  
  17  1:03  SCV  
  18  1:15  SCV  
  19  1:27  Orbital Command, Marine  
  19  1:45  Command Center  
  19  1:49  Barracks Reactor  
  19  1:53  SCV  
  20  2:01  Supply Depot  
  20  2:05  SCV  
  21  2:12  Factory  
  21  2:17  SCV  
  21  2:21  Refinery  
  22  2:25  Marine x2  
  22  2:29  SCV  
  25  2:41  SCV  
  25  2:43  Marine x2  
  28  2:53  SCV  
  28  2:55  Starport  
  28  2:56  Widow Mine  
  31  3:04  Orbital Command  
  31  3:06  SCV  
  31  3:09  Marine  
  31  3:12  Marine  
  34  3:17  Widow Mine  
  36  3:23  SCV  
  37  3:31  Medivac  
  37  3:32  SCV  
  40  3:34  Marine x2  
  40  3:35  SCV  
  40  3:40  Supply Depot  
  43  3:44  Barracks  
  43  3:46  Factory Tech Lab  
  43  3:49  SCV x2  
  45  4:01  SCV  
  45  4:02  SCV, Supply Depot  
  47  4:04  Siege Tank  
  47  4:06  Starport Tech Lab  
  47  4:09  Marine  
  51  4:10  Marine  
  51  4:13  SCV  
  51  4:14  SCV  
  54  4:21  Engineering Bay  
  54  4:26  SCV  
  54  4:27  SCV, Supply Depot  
  56  4:36  Starport Reactor  
  56  4:39  SCV x2  
  54  4:47  Marine x3  
  54  4:49  Stimpack  
  54  4:51  Siege Tank, SCV x2  
  62  4:57  Terran Infantry Weapons Level 1  
  62  4:58  Refinery  
  62  4:59  Refinery  
  62  5:01  Supply Depot  
  62  5:03  SCV x2  
  64  5:08  Supply Depot  
  64  5:12  Marine  
  63  5:14  Missile Turret  
  63  5:15  SCV x2  
  63  5:18  Medivac  
  63  5:19  Marine x2  
  69  5:25  Barracks  
  69  5:28  SCV x2  
  71  5:31  Medivac  
  71  5:34  Factory Reactor, Supply Depot  
  73  5:37  Marauder  
  73  5:40  SCV x2  
  73  5:41  Marine  
  78  5:47  Supply Depot  
  78  5:50  Marine  
  79  5:57  Supply Depot  
  79  5:58  Supply Depot, Marauder  
  79  5:59  Marine  
  82  6:15  Combat Shields  
  82  6:16  Marauder  
  84  6:20  Command Center, Marine x2, Marauder  
  88  6:30  Medivac x2  
  92  6:33  Widow Mine x2  
  96  6:43  Marauder, Marine x2  
  96  6:44  Marauder  
  102  6:54  Widow Mine  
  102  6:55  Widow Mine  
  102  6:58  Supply Depot  
  102  6:59  Supply Depot  
  102  7:00  Medivac x2  
  109  7:12  Marine x2  
  109  7:13  Marauder, Marine  
  113  7:17  SCV, Barracks  
  113  7:19  SCV, Barracks  
  111  7:29  Widow Mine x2  
  109  7:30  Marine x2  
  109  7:31  Marauder  
  109  7:33  Liberator x2  
  109  7:34  Marauder  
  115  7:48  Marine  
  122  7:52  Marauder  
  122  7:53  SCV x2  
  126  7:59  Orbital Command  
  126  8:00  Terran Infantry Armor Level 1  
  126  8:05  SCV  
  127  8:10  Marauder, Marine  
  126  8:15  Marine  
  126  8:16  Liberator x2, Marauder  
  130  8:29  Marine  
  130  8:32  Marauder  
  130  8:33  Barracks Tech Lab  
  136  8:34  Barracks Reactor  
  136  8:35  Marine  
  136  8:37  Marauder  
  136  8:41  SCV x3  
  134  8:45  Refinery  
  134  8:46  Marine  
  132  8:51  Armory  
  132  8:53  SCV, Marauder  
  132  8:55  Engineering Bay  
  135  8:56  SCV  
  135  8:58  SCV, Marauder  
  135  9:01  Missile Turret  
  139  9:06  SCV  
  139  9:08  SCV  
  141  9:10  SCV  
  141  9:14  Starport  
  141  9:15  Fusion Core  
  142  9:18  SCV  
  135  9:32  Liberator  
  112  9:39  Marauder, Marine  
  112  9:40  Marauder, Liberator, Marine x3  
  112  9:43  Marauder  
  111  9:48  SCV x2  
  107  9:57  Command Center, Marine  
  107  9:58  Refinery, Starport Tech Lab, Marine x3  
  107  9:59  Terran Infantry Armor Level 2, Terran Infantry Weapons Level 2  
  114  10:01  Marauder x2  
  114  10:05  Marauder  
  120  10:15  Marine x2  
  120  10:16  Marine  
  120  10:20  Terran Ship Weapons Level 1  
  123  10:22  Marauder  
  123  10:23  Marine, Supply Depot x2, Marauder  
  123  10:26  Advanced Ballistics, Marine  
  129  10:29  SCV x2  
  129  10:32  Missile Turret  
  129  10:33  Missile Turret, Marine x3  
  134  10:40  Medivac  
  134  10:41  Marine  
  137  10:44  Marauder x3  
  137  10:46  Liberator, Supply Depot x2  
  137  10:47  Medivac  
  145  10:50  Marine  
  145  10:51  Marine x2  
  148  10:57  Liberator  
  148  10:59  Marine  
  148  11:02  Liberator  
  146  11:05  Marauder x2  
  146  11:06  Marauder  
  146  11:07  Supply Depot  
  146  11:08  Marine  
  146  11:09  Supply Depot x2, Marine x2  
  155  11:13  Refinery  
  155  11:16  Refinery  
  155  11:17  Marine  
  162  11:26  Marauder, Marine  
  162  11:27  Marauder  
  162  11:29  Liberator  
  162  11:31  Planetary Fortress  
  167  11:35  Marauder, Marine x2  
  167  11:36  Sensor Tower  
  171  11:44  Marine x2  
  176  11:48  Liberator x2, Marauder x2  
  176  11:53  Marine x2  
  182  11:57  Marauder  
  184  12:02  Marine x2  
  192  12:09  Marauder, Marine  
  192  12:11  Marine  
  192  12:12  Liberator  
  192  12:18  Marauder  
  180  12:25  Marine x2  
  185  12:30  Marine x2  
  185  12:31  Liberator x2, Marauder  
  185  12:35  Marauder  
  191  12:39  Marine  
  189  12:49  Marine  
  191  12:52  Marauder  
  191  12:55  Liberator  
  151  13:14  Liberator x2  
  151  13:15  Marine  
  151  13:16  Marauder, Marine  
  132  13:21  Marauder  
  132  13:23  Marauder, Marine x2  
  138  13:33  Widow Mine, Marine x2  
  148  13:34  Widow Mine  
  148  13:37  Marauder  
  148  13:41  Marine x2  
  143  13:42  Marauder  
  143  13:44  Marauder  
  132  13:51  Marine x2  
  132  13:52  Terran Ship Weapons Level 2  
  125  13:57  Liberator x2  
  125  13:58  Marine  
  125  13:59  Marauder, Marine  
  125  14:03  Marauder  
  125  14:06  Marauder  
  125  14:09  Terran Infantry Weapons Level 3, Terran Infantry Armor Level 3, Marine x2  
  128  14:12  Medivac  
  128  14:13  Medivac  
  128  14:16  Marine x2  
  140  14:19  Sensor Tower  
  140  14:20  Marauder  
  142  14:25  Liberator x2, Marauder  
  142  14:27  Marauder, Marine  
  147  14:32  Ghost Academy, Marine  
  148  14:40  Liberator x2  
  148  14:41  Marauder  
  148  14:44  Marine  
  148  14:45  Marine  
  158  14:46  Sensor Tower, Marauder  
  158  14:49  Marauder  
  159  14:56  Marine  
  159  14:57  Marine  
  167  15:02  Marine x2  
  167  15:03  Marauder  
  167  15:04  Command Center  
  171  15:07  Marine  
  171  15:08  Liberator x2  
  134  15:24  Marauder, Marine x2  
  134  15:25  Marauder, Marine x2  
  134  15:26  Marauder  
  134  15:41  Concussive Shells  
  134  15:42  Marine  
  131  15:45  Medivac x2, Marauder  
  131  15:47  Marauder  
  131  15:48  Marauder, Marine x3  
  138  15:51  Liberator  
  138  15:52  Liberator  
  130  16:04  Marine  
  130  16:05  Marine  
  130  16:06  Marine x2  
  130  16:07  Marauder  
  130  16:08  Marauder  
  130  16:09  Marauder  
  138  16:22  Marine  
  138  16:23  Marine x2  
  138  16:24  Marine  
  142  16:25  Medivac x2  
  142  16:28  Marauder  
  142  16:29  Missile Turret  
  142  16:30  Marauder  
  142  16:31  Marauder  
  152  16:34  Liberator x2  
  152  16:40  Marine  
  152  16:41  Marine x3  
  152  16:45  Moebius Reactor, Liberator x2  
  156  16:50  Marauder  
  156  16:51  Marine, Marauder  
  167  16:58  Marine  
  167  16:59  Marine  
  155  17:05  SCV  
  159  17:10  Marauder  
  159  17:13  Marine x2  
  159  17:14  Marauder x2  
  161  17:15  Marine  
  161  17:17  Liberator x2  
  158  17:27  Liberator x2  
  158  17:29  Marine  
  152  17:31  Marauder, Marine  
  152  17:35  Marauder  
  163  17:42  SCV x2  
  165  17:45  SCV  
  165  17:50  Marauder, Marine x3  
  165  17:51  Orbital Command  
  177  17:53  Marauder  
  161  18:09  Marauder, Marine x2  
  161  18:10  Liberator  
  163  18:17  Medivac x2  
  163  18:18  Liberator  
  167  18:20  Marine x2  
  167  18:21  Marauder  
  167  18:25  SCV x2  
  167  18:26  SCV x2  
  175  18:30  Liberator x2  
  178  18:40  Marauder, Marine x2  
  159  18:47  SCV x3  
  159  18:48  SCV  
  163  19:01  Refinery x2  
  163  19:03  Sensor Tower  
  163  19:05  Ghost  
  163  19:06  Ghost  
  163  19:07  Ghost  
  166  19:18  Marine x2  
  166  19:22  Medivac  
  168  19:25  Marine x2  
  168  19:28  Widow Mine  
  168  19:30  Medivac  
  174  19:34  Liberator x2  
  174  19:35  Marauder x2  
  174  19:36  Marauder  
  175  19:50  Widow Mine  
  177  19:55  Medivac  
  177  19:56  Marauder  
  175  20:00  Marauder, Marine x2  
  175  20:07  Marine  
  179  20:10  Supply Depot  
  179  20:11  Command Center, Supply Depot, Marine  
  179  20:12  Marauder  
  183  20:17  Ghost  
  183  20:18  Marine x2  
  187  20:26  Marine  
  187  20:27  Marauder  
  193  20:39  Missile Turret  
  193  20:40  Missile Turret  
  193  20:43  Missile Turret  
Tags
 
Add a new tag
Caveats
  • Supply blocks, unpowered buildings, or Contaminate may cause inaccurate times.
  • Supply counts are checked every 10 seconds.